 Dungeon Sprint DCSS version 0.30-a0-737-gf23d94013f (webtiles) character file.

Game seed: 8047586287360526738

1368 BigDaddyOpFi the Covert (level 8, -1/31 HPs)
             Began as a Felid Earth Elementalist on Feb 2, 2023.
             Was a High Priest of Vehumet.
             Killed from afar by a hell hog (30 damage)
             ... with a fireball
             ... in the Dungeon (Sprint VII: "The Pits").
             The game lasted 00:07:44 (3988 turns).

BigDaddyOpFi the Covert (Felid Earth Elementalist)  Turns: 3988, Time: 00:07:44

Health: -1/31      AC:  2    Str:  4    XL:     8   Next: 38%
Magic:  15/21      EV: 27    Int: 22    God:    Vehumet [*****.]
Gold:   0          SH:  0    Dex: 19    Spells: 12/24 levels left
                                        Lives:  0   Deaths: 2

rFire   . . .      SeeInvis +    (weapon unavailable)
rCold   . . .      Faith    .    (shield unavailable)
rNeg    . . .      Spirit   .    (body armour unavailable)
rPois   .          Reflect  .    (helmet unavailable)
rElec   .          Harm     .    (cloak unavailable)
rCorr   .          Rampage  .    (gloves unavailable)
Will    +....      NoTele   +    (boots unavailable)
Stlth   ++++++                   (no amulet)
HPRegen 0.25/turn                f - +3 ring of dexterity
MPRegen 0.17/turn                d - +3 ring of intelligence

@: quick
A: very small, claws 1, fangs 3, see invisible, speed 1, shaggy fur 2, stealthy
paws, no weapons or thrown items, no armour, multi-lived
a: Renounce Religion


You were in the Dungeon.
You worshipped Vehumet.
Vehumet was extremely pleased with you.
You visited 1 branch

Inventory:

Jewellery
 d - a +3 ring of intelligence (right paw)
 f - a +3 ring of dexterity (left paw)
Potions
 a - 4 potions of magic
 b - 9 potions of curing
 c - 11 potions of heal wounds
 e - 2 potions of berserk rage
 g - 2 potions of invisibility


   Skills:
 - Level 12.2 Dodging
 - Level 13.0 Stealth
 + Level 8.6 Spellcasting
 + Level 3.0 Conjurations
 - Level 11.8 Hexes
 + Level 0.0 Summonings
 - Level 9.2 Transmutations
 - Level 8.9 Earth Magic


You had 12 spell levels left.
You knew the following spells:

 Your Spells              Type           Power      Damage    Failure   Level
a - Sandblast             Erth           96%        2d20      1%          1
b - Stone Arrow           Conj/Erth      70%        3d11      1%          3
c - Hailstorm             Conj/Ice       16%        3d6       3%          3
d - Yara's Violent Unrav  Hex/Tmut       27%        3d12      1%          5

Your spell library contained the following spells:

 Spells                   Type           Power      Damage    Failure   Level
 Spellforged Servitor     Conj/Summ      8%         N/A       99%         7
 Passwall                 Tmut/Erth      40%        N/A       1%          2
 Petrify                  Tmut/Erth      49%        N/A       1%          4


Dungeon Overview and Level Annotations

Branches:
Dungeon (1/1)

Altars:
Ashenzari
Cheibriados
Dithmenos
Elyvilon
Fedhas
Gozag
Hepliaklqana
Kikubaaqudgha
Makhleb
Nemelex Xobeh
Okawaru
Qazlal
Ru
Sif Muna
Trog
Uskayaw
Vehumet
Wu Jian
Xom
Yredelemnul
Zin
The Shining One
Jiyva
Lugonu


Innate Abilities, Weirdness & Mutations

You have sharp claws.
You have razor-sharp teeth.
You have supernaturally acute eyesight. (SInv)
You cover ground quickly. (Speed+)
You are covered in thick fur. (AC +2)
Your paws help you pounce on unaware monsters.
You are incapable of wielding weapons or throwing items.
You cannot wear armour.
You gain extra lives every three experience levels.


Message History

A deep elf pyromancer comes into view. It is wielding a +0 long sword.
Found a scroll of enchant armour.
Unknown command.
A deep elf pyromancer comes into view. It is wielding a +0 short sword.
There is an open door here.
Casting: Stone Arrow (safe; 1% risk of failure)
Confirm with . or Enter, or press ? or * to list all spells.
Aiming: Stone Arrow (safe; 1% risk of failure)
Press: ? - help, Shift-Dir - straight line, f - hell hog
Aim: a hell hog (77% to hit)
The stone arrow hits the hell hog.
The hell hog is lightly wounded.
The hell hog breathes fire at you.
The fireball explodes!
The fireball engulfs you!!
Ouch! That really hurt!
* * * LOW HITPOINT WARNING * * *
You hear an angry squeal.
The deep elf pyromancer shouts!
You hear a shout! x2
Casting: Stone Arrow (safe; 1% risk of failure)
Confirm with . or Enter, or press ? or * to list all spells.
Aiming: Yara's Violent Unravelling (dangerous; 1% risk of failure)
Press: ? - help, Dir - move target, f - deep elf pyromancer, p - hell hog
Aim: a deep elf pyromancer, wielding a +0 long sword The deep elf pyromancer has no magical effects to unravel.
Okay, then.
A hell hog comes into view.
You feel much better.
The deep elf pyromancer mumbles some strange words.
Okay, then.
Casting: Yara's Violent Unravelling (dangerous; 1% risk of failure)
Confirm with . or Enter, or press ? or * to list all spells.
Aiming: Stone Arrow (safe; 1% risk of failure)
Press: ? - help, Shift-Dir - straight line, f/p - hell hog
Aim: a hell hog (lightly wounded, 77% to hit)
The stone arrow hits the hell hog!!
The hell hog is heavily wounded.
A hell hog comes into view.
The hell hog breathes fire at you.
The fireball explodes!
The fireball engulfs you!!
Ouch! That really hurt!
You die...

####'#####''######
#.......##''# #######
#.......##..# .....
#.......##..# ...
#...<...##..#### #)#
#.......##..#..#####.##
#.......##..#..).##...#
#.......##..'...).#...#h..
##########..'[..@h')..'e?e
##########..'.....#...#e..
...#..[[##..#....##...#
...#..[[##..#..#####.##
...'..))##..####RDY#+######
...#..))##..##G............W
...#..))##..#c.............#
############################


You could see 2 hell hogs and 2 deep elf pyromancers.

Vanquished Creatures
  A boulder beetle (D)
  A smoke demon (D)
  An unseen horror (D)
  A water elemental (D)
  A fire bat (D)
  Grum (D)
  A warg (D)
  An orc warrior (D)
  A black bear (D)
  2 centaurs (D)
  An ogre (D)
  A phantom (D)
  2 scorpions (D)
  4 killer bees (D)
  A crimson imp (D)
  2 hounds (D)
  An orc priest (D)
  2 orc wizards (D)
  A river rat (D)
  An adder (D)
  An adder skeleton (D)
  An adder zombie (D)
  A worm (D)
  4 orcs (D)
  A ball python (D)
  An endoplasm (D)
  A hobgoblin (D)
  A giant cockroach zombie (D)
  A rat (D)
39 creatures vanquished.

Notes
Turn   | Place    | Note
-------+----------+-------------------------------------------
     0 | D        | BigDaddyOpFi the Felid Earth Elementalist began the quest
                  | for the Orb.
     0 | D        | Reached XP level 1. HP: 7/7 MP: 4/4
    12 | D        | Reached skill level 3 in Stealth
    17 | D        | Found a bloodstained altar of Trog.
    17 | D        | Found a shimmering blue altar of Sif Muna.
    17 | D        | Found a viscous altar of Jiyva.
    17 | D        | Found a hazy altar of Hepliaklqana.
    17 | D        | Found an opulent altar of Gozag.
    18 | D        | Found a glowing golden altar of the Shining One.
    18 | D        | Found a glowing silver altar of Zin.
    18 | D        | Found a basalt altar of Yredelemnul.
    18 | D        | Found a shimmering altar of Xom.
    18 | D        | Found an ornate altar of the Wu Jian Council.
    18 | D        | Found a sacrificial altar of Ru.
    18 | D        | Found a stormy altar of Qazlal.
    18 | D        | Found an iron altar of Okawaru.
    18 | D        | Found a sparkling altar of Nemelex Xobeh.
    18 | D        | Found a burning altar of Makhleb.
    18 | D        | Found a blossoming altar of Fedhas.
    18 | D        | Found a white marble altar of Elyvilon.
    18 | D        | Found a shadowy altar of Dithmenos.
    18 | D        | Found a snail-covered altar of Cheibriados.
    19 | D        | Found a radiant altar of Vehumet.
    19 | D        | Found a corrupted altar of Lugonu.
    21 | D        | Found a broken altar of Ashenzari.
    21 | D        | Found an ancient bone altar of Kikubaaqudgha.
    21 | D        | Found a hide-covered altar of Uskayaw.
    30 | D        | Became a worshipper of Vehumet
   143 | D        | Noticed a scorpion
   170 | D        | Killed a scorpion
   171 | D        | Reached skill level 5 in Dodging
   171 | D        | Reached skill level 5 in Stealth
   171 | D        | Reached XP level 2. HP: 9/11 MP: 1/7
   171 | D        | Reached XP level 3. HP: 13/14 MP: 1/9
   422 | D        | Reached * piety under Vehumet
   422 | D        | Offered knowledge of Magic Dart by Vehumet.
   648 | D        | Noticed a scorpion
   652 | D        | Killed a scorpion
   653 | D        | Reached skill level 6 in Stealth
   653 | D        | Reached XP level 4. HP: 15/18 MP: 6/11
   756 | D        | Noticed a centaur
   760 | D        | Killed a centaur
   760 | D        | Offered knowledge of Shock by Vehumet.
   760 | D        | Reached ** piety under Vehumet
   761 | D        | Reached skill level 7 in Stealth
   761 | D        | Reached skill level 5 in Spellcasting
   761 | D        | Reached skill level 5 in Transmutations
   761 | D        | Reached skill level 5 in Earth Magic
   761 | D        | Reached XP level 5. HP: 12/21 MP: 9/13
   886 | D        | Noticed an ogre
   918 | D        | Killed an ogre
   918 | D        | Reached *** piety under Vehumet
   919 | D        | Reached skill level 8 in Stealth
   919 | D        | Gained mutation: You are covered in thick fur. (AC +2)
                  | [Felid growth]
   919 | D        | Reached XP level 6. HP: 24/24 MP: 13/15
   964 | D        | Offered knowledge of Dazzling Flash by Vehumet.
   970 | D        | Learned a level 3 spell: Stone Arrow
  1001 | D        | Reached skill level 9 in Stealth
  1001 | D        | Reached skill level 1 in Conjurations
  1028 | D        | Reached **** piety under Vehumet
  1188 | D        | Offered knowledge of Hailstorm by Vehumet.
  1334 | D        | Learned a level 3 spell: Hailstorm
  1335 | D        | Noticed Grum
  1346 | D        | Killed Grum
  1346 | D        | Offered knowledge of Yara's Violent Unravelling by Vehumet.
  1347 | D        | Reached skill level 10 in Stealth
  1347 | D        | Reached XP level 7. HP: 13/27 MP: 6/17
  1705 | D        | Learned a level 5 spell: Yara's Violent Unravelling
  1713 | D        | Noticed a fire bat
  1715 | D        | Reached ***** piety under Vehumet
  1716 | D        | Offered knowledge of Olgreb's Toxic Radiance by Vehumet.
  1720 | D        | Killed a fire bat
  1721 | D        | Reached skill level 5 in Hexes
  1964 | D        | Noticed a water elemental
  1964 | D        | Noticed a boulder beetle
  1977 | D        | Killed a water elemental
  1978 | D        | Reached skill level 10 in Dodging
  1978 | D        | Reached skill level 11 in Stealth
  1997 | D        | Slain by a boulder beetle
  1998 | D        | Reached XP level 6. HP: -1/24 MP: 3/17
  2058 | D        | Killed a boulder beetle
  2059 | D        | Reached XP level 7. HP: 27/27 MP: 10/19
  2059 | D        | Reached XP level 8. HP: 31/31 MP: 10/20
  2698 | D        | Noticed an unseen horror
  2702 | D        | Killed an unseen horror
  2703 | D        | Reached skill level 12 in Stealth
  2706 | D        | Reached skill level 10 in Hexes
  2920 | D        | Noticed an efreet
  2920 | D        | Noticed a death yak
  3341 | D        | Offered knowledge of Lee's Rapid Deconstruction by Vehumet.
  3367 | D        | Killed from afar by an orc priest
  3368 | D        | Reached XP level 7. HP: -11/27 MP: 3/19
  3389 | D        | Noticed a smoke demon
  3394 | D        | Killed a smoke demon
  3395 | D        | Reached XP level 8. HP: 18/31 MP: 3/21
  3479 | D        | Reached skill level 13 in Stealth
  3496 | D        | Offered knowledge of Spellforged Servitor by Vehumet.
  3975 | D        | Noticed a hell hog
  3976 | D        | Noticed a deep elf pyromancer
  3983 | D        | Noticed a deep elf pyromancer
  3986 | D        | Noticed a hell hog
  3988 | D        | Noticed a hell hog
  3988 | D        | Killed from afar by a hell hog

Illustrated notes

Levels and vault maps discovered:
D:        pitsprint [storerooms_1, entrance_room_1, metal_vault_1, armoury_1,
          mini_pit_1, grid_room_1, main_hall_1, silver_pit, the_coven_2,
          the_vestibule_1, steel_vault_3, golden_pit, hallway_of_sentries,
          crystal_vault_4, iron_vault_4, final_vault]

Skill      XL: |  1  2  3  4  5  6  7  8 |
---------------+-------------------------+-----
Dodging        | 5 6 7 11 12 | 12.2
Stealth        | 5 6 7 8 10 11 13 | 13.0
Spellcasting   | 3 4 5 6 7 8 |  8.6
Transmutations | 3 4 5 6 8 9 |  9.2
Earth Magic    | 4 5 8 7 |  8.9
Conjurations   | 3 |  3.0
Hexes          | 8 11 10 | 11.8

Action                     |  1- 3 |  4- 6 |  7- 9 || total
---------------------------+-------+-------+-------++-------
  Melee: Unarmed           |     2 |       |     2 ||     4
         Bite              |     1 |       |       ||     1
   Cast: Sandblast         |    14 |    32 |     4 ||    50
         Stone Arrow       |       |    13 |    40 ||    53
         Hailstorm         |       |     2 |     3 ||     5
    Use: Potion            |     1 |     5 |     4 ||    10
         Scroll            |       |     1 |       ||     1
 Armour: Skin              |       |     2 |     1 ||     3
  Dodge: Dodged            |    14 |    23 |    46 ||    83

Table legend: (Time is in decaauts)
 A = Elapsed time spent in this place.
 B = Non-inter-level travel time spent in this place.
 C = Inter-level travel time spent in this place.
 D = Time resting spent in this place.
 E = Time spent auto-exploring this place.
 F = Levels seen in this place.
 G = Mean time per level.
                   A        B        C        D        E       F      G
               +--------+--------+--------+--------+--------+-----+--------+
         Total |   3895 |   3818 |     77 |   3253 |      0 |   1 | 3895.0 |
       Dungeon |   3895 |   3818 |     77 |   3253 |      0 |   1 | 3895.0 |
               +--------+--------+--------+--------+--------+-----+--------+

Top non-repeatable levels by time:
       D: 3895 daAuts
